 Dungeon Crawl Stone Soup version 0.16-a0-4088-g7c8221e (webtiles) character file.

235 Gronka the Covered (level 6, -1/48 HPs)
             Began as a Human Fighter on Feb 23, 2015.
             Was an Initiate of Fedhas.
             Slain by Pikel
             ... wielding a +0 whip of freezing
              (3 damage)
             ... on level 4 of the Dungeon.
             The game lasted 00:06:44 (2453 turns).

Gronka the Covered (Human Fighter)                  Turns: 2453, Time: 00:06:44

Health: -1/48      AC:  7    Str: 18    XL:     6   Next: 27%
Magic:  6/6        EV:  8    Int:  9    God:    Fedhas [......]
Gold:   196        SH:  9    Dex: 12    Spells: 0 memorised, 5 levels left

rFire  + . .     SeeInvis .     a - +0 flail
rCold  . . .     Clarity  .     b - +0 scale mail
rNeg   . . .     SustAb   .     c - +0 shield
rPois  .         Gourm    .     (no helmet)
rElec  .         Spirit   .     (no cloak)
rCorr  .         Warding  .     (no gloves)
rMut   .         Stasis   .     (no boots)
MR     +....                    m - amulet of regeneration
Stlth  ..........               x - ring of protection from fire
                                q - ring of protection from magic

@: somewhat resistant to hostile enchantments, extremely unstealthy
A: no striking features
a: Renounce Religion


You were on level 4 of the Dungeon.
You worshipped Fedhas.
Fedhas was noncommittal.
You were not hungry.

You visited 1 branch of the dungeon, and saw 4 of its levels.

You collected 196 gold pieces.

Inventory:

Hand weapons
 a - a +0 flail (weapon)
Armour
 b - a +0 scale mail (worn)
 c - a +0 shield (worn)
Jewellery
 m - an amulet of regeneration (around neck)
 q - a ring of protection from magic (left hand)
 v - an uncursed amulet of the gourmand
 x - a ring of protection from fire (right hand)
Scrolls
 d - a scroll of random uselessness {unknown}
 h - 2 scrolls of magic mapping {unknown}
 k - 2 scrolls of amnesia {unknown}
 l - 5 scrolls of identify {unknown}
 o - a scroll of fear {unknown}
 r - a scroll of noise {unknown}
 t - a scroll of teleportation {unknown}
Potions
 e - 2 potions of might
 f - 2 potions of haste {unknown}
 g - a potion of agility
 i - 2 potions of heal wounds
 n - a potion of beneficial mutation {unknown}
 p - a potion of invisibility {unknown}
 w - a potion of curing {unknown}
Books
 s - a book of Air

   Spells                             Type                      Level
   a - Shock                          Conjuration/Air              1
   b - Swiftness                      Charms/Air                   2
   c - Repel Missiles                 Charms/Air                   2
   d - Flight                         Charms/Air                   3
   e - Static Discharge               Conjuration/Air              3
   f - Lightning Bolt                 Conjuration/Air              5
Comestibles
 j - a meat ration
 u - a slice of pizza


   Skills:
 + Level 3.8 Fighting
 + Level 2.6 Maces & Flails
 + Level 4.3 Armour
 + Level 2.1 Dodging
 + Level 4.2 Shields


You had 5 spell levels left.
You didn't know any spells.

Dungeon Overview and Level Annotations

Branches:
Dungeon (4/15)
 Temple: D:4-7

Altars:
Ashenzari
Dithmenos
Fedhas
Okawaru
The Shining One

Annotations:
D:4 Pikel


Message History

The slave closely misses you. You block the slave's attack.
You miss the slave.
The slave is severely wounded.
The slave hits you. You block the slave's attack. Pikel barely misses you.
A slave comes into view.
You closely miss the slave.
The slave is severely wounded.
The slave shouts!
You block the slave's attack. The slave hits you but does no damage.
Pikel hits you but does no damage. The slave hits you!
You hit the slave.
The slave is severely wounded.
You block the slave's attack. Pikel hits you but does no damage.
The slave hits you but does no damage. The slave hits you.
* * * LOW HITPOINT WARNING * * *
Pikel hits you with a whip of freezing!
* * * LOW HITPOINT WARNING * * *
Pikel freezes you.
You die...
Fedhas appreciates your contribution to the ecosystem.

#.#.#.##########
#...####PP............#
#.......[..#.########.#
#.K.#####...#########.##
### ##.รท...........#
#... #p.####.#.....#
......##..# #.#.###.####
.$.....ppK####..........#
......##@............##.#
.... #.#######.##.P....
.#. #.# ####.#....... #
#.. .........##P# ###
.#........P..
.##.#...#P.. #.#...#..# #
#...#..# #...#..#


You could see Pikel and 3 slaves.

Vanquished Creatures
  Purgy (D:3)
  A slave (D:4)
  A gnoll (D:1)
  4 adders (D:2)
  2 worms
  3 giant geckos
  4 orcs
  A ball python (D:1)
  A bat skeleton (D:3)
  2 giant cockroaches
  9 goblins
  10 hobgoblins
  4 jackals (D:3)
  14 kobolds
  2 quokkas (D:4)
  4 bats
  3 giant newts
  16 rats
82 creatures vanquished.

Vanquished Creatures (others)
  18 toadstools
18 creatures vanquished.

Grand Total: 100 creatures vanquished

Notes
Turn   | Place    | Note
--------------------------------------------------------------
     0 | D:1      | Gronka, the Human Fighter, began the quest for the Orb.
     0 | D:1      | Reached XP level 1. HP: 18/18 MP: 1/1
   121 | D:1      | Reached XP level 2. HP: 22/24 MP: 2/2
   211 | D:1      | Reached XP level 3. HP: 4/29 MP: 3/3
  1198 | D:2      | Reached skill level 1 in Dodging
  1198 | D:2      | Reached XP level 4. HP: 35/35 MP: 4/4
  1566 | D:2      | Found a shadowy altar of Dithmenos.
  1649 | D:2      | Reached XP level 5. HP: 38/41 MP: 5/5
  1850 | D:3      | Reached skill level 4 in Armour
  1992 | D:3      | Noticed Purgy
  2020 | D:3      | Killed Purgy
  2020 | D:3      | Reached XP level 6. HP: 21/48 MP: 6/6
  2055 | D:3      | Found an iron altar of Okawaru.
  2151 | D:3      | Found a glowing golden altar of the Shining One.
  2156 | D:3      | Found a shattered altar of Ashenzari.
  2158 | D:3      | Found a blossoming altar of Fedhas.
  2165 | D:3      | Became a worshipper of Fedhas Madash
  2414 | D:4      | Noticed a slave
  2433 | D:4      | Killed a slave
  2434 | D:4      | Noticed a slave
  2434 | D:4      | Noticed a slave
  2435 | D:4      | Noticed Pikel
  2452 | D:4      | Noticed a slave
  2453 | D:4      | HP: 2/48 [Pikel/whip of freezing (8)]
  2453 | D:4      | Slain by Pikel

Action                   |  1- 3 |  4- 6 || total
-------------------------+-------+-------++-------
Melee: Flail             |    92 |   264 ||   356
  Use: Potion            |       |     3 ||     3
  Eat: Bread ration      |     1 |     1 ||     2
